 Dungeon Crawl Stone Soup version 0.24-a0-521-g122614bf49 (webtiles) character file.

Game seed: 7401467120078300282

26901 Flugkiller the Party-goer (level 13, -6/92 HPs)
             Began as an Octopode Wanderer on July 30, 2019.
             Was an Elder of Uskayaw.
             Killed from afar by a rime drake (9 damage)
             ... with a flash freeze
             ... on level 3 of the Lair of Beasts.
             The game lasted 00:40:54 (25445 turns).

Flugkiller the Party-goer (Octopode Wanderer)      Turns: 25445, Time: 00:40:54

Health: -6/92      AC:  1    Str: 19    XL:     13   Next: 29%
Magic:  26/30      EV: 22    Int: 16    God:    Uskayaw [****..]
Gold:   806        SH:  7    Dex: 12    Spells: 13/16 levels left

rFire    . . .     SeeInvis +   y - +0 short sword (elec)
rCold    + + .     Gourm    .   E - +2 buckler {rC+}
rNeg     . . .     Faith    .   (helmet restricted)
rPois    +         Spirit   .   (no amulet)
rElec    .         Reflect  .   j - +3 ring of evasion
rCorr    .         Harm     .   o - ring of magical power
MR       .....                  r - ring of poison resistance
Stlth    +++.......             C - ring of see invisible
HPRegen  0.25/turn              D - ring of protection from cold
MPRegen  0.22/turn              x - +5 ring of strength
                                l - +1 ring of slaying
                                I - ring of wizardry

@: no status effects
A: almost no armour, stealthy swim, amphibious, 8 rings, constrict 8, camouflage
1, gelatinous body 1
a: Stomp, Line Pass, Renounce Religion


You were on level 3 of the Lair of Beasts.
You worshipped Uskayaw.
Uskayaw was aware of your devotion.
You were not hungry.

You visited 3 branches of the dungeon, and saw 14 of its levels.
You also visited: Sewer and Bailey.

You collected 806 gold pieces.

Inventory:

Hand Weapons
 a - a +2 dagger
 q - a +0 rapier
   (You took it off Eustachio on level 4 of the Dungeon)
 y - a +0 short sword of electrocution (weapon)
   (You took it off an orc priest on level 6 of the Dungeon)
Missiles
 h - 33 poisoned darts (quivered)
 k - 4 throwing nets
Armour
 E - a +2 buckler of cold resistance (worn)
   (You found it in a bailey)
Jewellery
 j - a +3 ring of evasion (left tentacle)
   (You found it on level 2 of the Dungeon)
 l - a +1 ring of slaying (on tentacle)
   (You acquired it on level 8 of the Dungeon)
 o - a ring of magical power (right tentacle)
   (You found it on level 3 of the Dungeon)
 r - a ring of poison resistance (on tentacle)
   (You found it on level 5 of the Dungeon)
 x - a +5 ring of strength (on tentacle)
   (You found it on level 7 of the Dungeon)
 C - a ring of see invisible (on tentacle)
   (You found it on level 7 of the Dungeon)
 D - a ring of protection from cold (on tentacle)
   (You found it on level 7 of the Dungeon)
 I - a ring of wizardry (on tentacle)
   (You found it on level 1 of the Lair of Beasts)
Wands
 b - a wand of flame (8)
   (You took it off Eustachio on level 4 of the Dungeon)
 v - a wand of iceblast (3)
   (You found it on level 6 of the Dungeon)
 G - a wand of disintegration (3)
   (You found it on level 8 of the Dungeon)
 H - a wand of scattershot (1)
   (You found it on level 1 of the Lair of Beasts)
Scrolls
 g - 4 scrolls of remove curse
 i - 3 scrolls of amnesia
 m - 4 scrolls of teleportation
 s - 3 scrolls of enchant armour
 t - a scroll of vulnerability
 z - a scroll of enchant weapon
Potions
 c - 5 potions of brilliance
 d - 7 potions of flight
 n - 2 potions of curing
 p - a potion of invisibility
 u - 2 potions of ambrosia
 A - 2 potions of mutation
 B - a potion of agility
 J - 2 potions of heal wounds
 K - a potion of might {unknown}
Comestibles
 f - 29 rations
 w - a chunk of flesh


   Skills:
 + Level 10.2 Fighting
 + Level 10.2 Short Blades
   Level 1.0 Crossbows
 - Level 1.0 Throwing
 + Level 11.2 Dodging
 - Level 4.0 Stealth
 - Level 4.0 Shields
 - Level 2.0 Spellcasting
 - Level 2.0 Hexes
 - Level 3.0 Fire Magic
 + Level 11.3 Invocations
 - Level 5.0 Evocations


You had 13 spell levels left.
You knew the following spells:

 Your Spells              Type           Power        Failure   Level  Hunger
a - Flame Tongue          Conj/Fire      #....        4%          1    #......
b - Confusing Touch       Hex            #.....       3%          1    #......
c - Apportation           Tloc           #.....       9%          1    #......

Your spell library contained the following spells:

 Spells                   Type           Power        Failure   Level  Hunger
 Animate Skeleton         Necr           N/A          9%          1    #......
 Summon Small Mammal      Summ           #...         9%          1    #......
 Inner Flame              Hex/Fire       #.......     9%          3    ###....
 Conjure Flame            Conj/Fire      #.......     13%         3    ###....
 Ignite Poison            Fire/Tmut/Pois #.......     16%         3    ###....
 Portal Projectile        Hex/Tloc       #.....       16%         3    ###....
 Sticky Flame             Conj/Fire      #.......     38%         4    #####..
 Bolt of Magma            Conj/Fire/Erth #.........   80%         5    ######.


Dungeon Overview and Level Annotations

Branches:
Dungeon (10/15)            Temple (1/1) D:4            Lair (3/6) D:10
 Shoals (0/4) Lair:3
  Snake: Lair:2-4    Spider: Lair:2-4       Orc: D:9-12

Altars:
Cheibriados
Dithmenos
Elyvilon
Fedhas
Gozag
Hepliaklqana
Makhleb
Nemelex Xobeh
Okawaru
Ru
Trog
Uskayaw
Vehumet
Wu Jian
Xom

Annotations:
D:2 exclusion: door, Terence
D:3 4 runed translucent doors, Crazy Yiuf; Thantalas's ghost, amateur MiCK
D:9 exclusion: skeleton
D:10 exclusion: fire dragon
Lair:1 3 runed translucent doors, exclusion: 4 oklob plants, vurker's ghost, journeyman TrHu


Innate Abilities, Weirdness & Mutations

You cannot wear most types of armour.
You are very stealthy in the water. (Stealth+)
You are amphibious.
You can wear up to eight rings at the same time.
You can use your tentacles to constrict eight enemies at once.
Your skin changes colour to match your surroundings (Stealth+).
Your rubbery body absorbs attacks. (AC +1, EV +1)


Message History

The four-headed hydra closely misses you.
The four-headed hydra barely misses you.
The four-headed hydra bites you!
The four-headed hydra closely misses you.
Uskayaw will force your foes to share their pain.
Uskayaw links your audience in an emotional bond!
The helpless yak fails to defend itself.
You impale the yak!!
You kill the yak!
The four-headed hydra bites you!
You block the four-headed hydra's attack.
The four-headed hydra bites you!
You block the four-headed hydra's attack.
You hit the four-headed hydra but do no damage.
You squeeze the four-headed hydra!
The four-headed hydra is moderately wounded.
You can now merge with and destroy a victim.
Unknown command.
You hit the four-headed hydra.
The four-headed hydra is moderately wounded.
The four-headed hydra bites you! The four-headed hydra bites you.
* * * LOW HITPOINT WARNING * * *
The four-headed hydra bites you!
* * * LOW HITPOINT WARNING * * *
The four-headed hydra bites you!
* * * LOW HITPOINT WARNING * * *
Okay, then.
Unknown command.
Okay, then.
Unknown command.
Aiming: Line Pass
Press: ? - help, Dir - move target cursor The four-headed hydra appears confused.
You feel somewhat more hungry.
You can no longer merge with and destroy a victim.
A rime drake comes into view.
The four-headed hydra misses you. The four-headed hydra bites you.
* * * LOW HITPOINT WARNING * * *
The four-headed hydra bites you!
* * * LOW HITPOINT WARNING * * *
The four-headed hydra bites you.
* * * LOW HITPOINT WARNING * * *
The rime drake moves out of view.
Found a staircase to the Shoals.
Unknown command.
The rime drake hisses angrily.
The four-headed hydra seems less confused.
The four-headed hydra is no longer sharing its pain.
The rime drake breathes ice at you. The flash freeze hits you!
You partially resist.
You die...

#...... #. ##....## .P
##.####......##### ..#
.#...#.##.....#...###..P
.......................#
..k.>$.....†(..........#
........................
.............D..........
.......@.....##.[.......
#..####.....#####..#.P.#
#.......#......##(.
..#.....#.......P#..
...##.....#..........# . ....
..............≈♣♣♣ .. ...
..........≈≈≈≈≈P≈≈≈
...##....#....##........≈≈≈≈PPP≈≈
..##.....#..## .....P≈≈≈P≈≈≈≈


You could see a four-headed hydra and a rime drake.

Vanquished Creatures
  A hydra (Lair:3)
  Harold (D:7)
  6 death yaks
  A two-headed ogre (D:8)
  2 orc knights (Bailey)
  5 spiny frogs
  2 black mambas
  2 rime drakes
  A torpor snail (Lair:2)
  2 kobold demonologists (Bailey)
  3 komodo dragons
  A queen bee (Lair:1)
  A merfolk (D:9)
  8 tyrant leeches
  A troll (D:9)
  A blink frog (Lair:3)
  3 hippogriffs
  A wyvern (D:10)
  23 yaks
  A basilisk (Lair:3)
  Eustachio (D:4)
  5 swamp worms (Lair:2)
  A warg (Lair:1)
  6 water moccasins
  8 orc warriors
  10 porcupines
  2 black bears
  3 sky beasts
  A necrophage (D:7)
  5 ogres
  2 phantoms
  4 wolves (Lair:1)
  8 centaurs
  6 crocodiles
  2 big kobolds
  8 bullfrogs
  A scorpion (D:10)
  A wyvern skeleton (D:7)
  33 killer bees
  A howler monkey (D:5)
  5 electric eels (Bailey)
  3 crimson imps
  4 bullfrog zombies
  7 hounds
  4 orc priests
  2 bullfrog skeletons
  An iguana (D:10)
  9 orc wizards
  11 worker ants
  2 hound zombies
  A hound skeleton (D:10)
  2 worker ant zombies
  13 gnolls
  10 adders
  A river rat (Sewer)
  3 shadow imps
  A white imp (D:8)
  An ufetubus (D:8)
  4 oozes
  An adder zombie (D:8)
  2 adder skeletons
  5 worms
  A dart slug (D:5)
  8 leopard geckos
  51 orcs
  6 giant cockroaches
  15 goblins
  8 hobgoblins
  12 jackals
  5 quokkas
  2 ball pythons (D:4)
  10 bats
  5 frilled lizards
  2 giant cockroach zombies
  A jackal zombie (D:5)
  13 kobolds
  A leopard gecko skeleton (D:5)
  9 rats
  2 fungi
417 creatures vanquished.

Vanquished Creatures (others)
  7 fungi
  20 plants
27 creatures vanquished.

Grand Total: 444 creatures vanquished

Notes
Turn   | Place    | Note
-------+----------+-------------------------------------------
     0 | D:1      | Flugkiller the Octopode Wanderer began the quest for the
                  | Orb.
     0 | D:1      | Flugkiller set off with the following items: a +2 dagger, 4
                  | curare-tipped darts, a ration; and the following spells
                  | available to memorise: Flame Tongue, Apportation, Ignite
                  | Poison, Portal Projectile
     0 | D:1      | Reached XP level 1. HP: 14/14 MP: 3/3
     2 | D:1      | Learned a level 1 spell: Flame Tongue
    59 | D:1      | Reached XP level 2. HP: 19/19 MP: 5/5
   528 | D:1      | Reached XP level 3. HP: 12/24 MP: 6/6
  1298 | D:2      | Reached skill level 1 in Short Blades
  1615 | D:2      | Reached XP level 4. HP: 26/30 MP: 7/7
  1900 | D:2      | Noticed Terence
  2207 | D:2      | Noticed an ice beast
  2661 | D:3      | Found an opulent altar of Gozag.
  2880 | D:3      | Found a runed translucent gate.
  2941 | D:3      | Found a runed translucent gate.
  2941 | D:3      | Noticed Thantalas's ghost (amateur MiCK)
  2947 | D:3      | Found a runed translucent gate.
  2998 | D:3      | Reached XP level 5. HP: 34/36 MP: 8/8
  3179 | D:3      | Found a runed translucent door.
  3180 | D:3      | Noticed Crazy Yiuf
  3316 | D:4      | Noticed Eustachio
  3345 | D:4      | Found a glowing drain.
  3638 | Sewer    | Entered a sewer
  3729 | Sewer    | Noticed a big kobold
  3770 | Sewer    | Killed a big kobold
  3770 | Sewer    | Reached XP level 6. HP: 38/43 MP: 9/9
  3780 | Sewer    | Found a white marble altar of Elyvilon.
  3820 | D:4      | Found a staircase to the Ecumenical Temple.
  3881 | Temple   | Entered the Ecumenical Temple
  3898 | Temple   | Became a worshipper of Uskayaw the Reveler
  3928 | D:4      | Reached * piety under Uskayaw
  3931 | D:4      | Reached ** piety under Uskayaw
  4247 | D:4      | Killed Eustachio
  4247 | D:4      | Reached skill level 1 in Dodging
  4247 | D:4      | Reached skill level 1 in Invocations
  4247 | D:4      | Reached XP level 7. HP: 23/49 MP: 10/10
  4452 | D:5      | Entered Level 5 of the Dungeon
  4474 | D:5      | Reached *** piety under Uskayaw
  4814 | D:5      | Reached skill level 5 in Short Blades
  4818 | D:5      | Reached **** piety under Uskayaw
  4959 | D:5      | Reached skill level 5 in Fighting
  5642 | D:5      | Reached XP level 8. HP: 55/55 MP: 11/11
  7091 | D:6      | Found a blossoming altar of Fedhas.
  7092 | D:6      | Found a shimmering altar of Xom.
  7093 | D:6      | Found an ornate altar of the Wu Jian Council.
  7309 | D:7      | Found a white marble altar of Elyvilon.
  7341 | D:7      | Reached skill level 5 in Invocations
  7341 | D:7      | Reached XP level 9. HP: 22/62 MP: 12/12
  7447 | D:7      | Reached skill level 5 in Dodging
  8191 | D:7      | Noticed Harold
  8228 | D:7      | Killed Harold
  8624 | D:8      | Reached XP level 10. HP: 58/71 MP: 14/14
  8765 | D:8      | Noticed a two-headed ogre
  8809 | D:8      | Killed a two-headed ogre
  9131 | D:9      | Found a flagged portal.
  9140 | Bailey   | Entered a bailey
  9452 | Bailey   | Noticed a kobold demonologist
  9452 | Bailey   | Noticed a kobold demonologist
  9453 | Bailey   | Found an iron altar of Okawaru.
  9493 | Bailey   | Noticed an orange demon
  9683 | Bailey   | Noticed an orc knight
  9683 | Bailey   | Noticed an orc knight
  9726 | Bailey   | Killed an orc knight
  9891 | Bailey   | Killed a kobold demonologist
 10312 | Bailey   | Killed an orc knight
 10344 | Bailey   | Killed a kobold demonologist
 10573 | Bailey   | Reached XP level 11. HP: 77/77 MP: 17/17
 11107 | Bailey   | Found an iron altar of Okawaru.
 11520 | D:9      | Reached skill level 1 in Shields
 12682 | D:10     | Entered Level 10 of the Dungeon
 12798 | D:10     | Reached ***** piety under Uskayaw
 13956 | D:10     | Noticed a fire dragon
 14222 | D:10     | Found a staircase to the Lair.
 14375 | Lair:1   | Entered Level 1 of the Lair of Beasts
 14375 | Lair:1   | Found a runed translucent gate.
 14389 | Lair:1   | Found a runed translucent gate.
 14389 | Lair:1   | Found a runed translucent gate.
 14409 | Lair:1   | Learned a level 1 spell: Confusing Touch
 14700 | Lair:1   | Reached skill level 1 in Hexes
 15524 | Lair:1   | Noticed an oklob plant
 15598 | Lair:1   | Reached ****** piety under Uskayaw
 15982 | Lair:1   | Reached XP level 12. HP: 85/85 MP: 18/18
 16027 | Lair:1   | Noticed vurker's ghost (journeyman TrHu)
 16173 | Lair:1   | Got a transparent war axe
 16334 | Lair:1   | Learned a level 1 spell: Apportation
 16462 | Lair:2   | Reached skill level 10 in Dodging
 18814 | Lair:1   | Reached skill level 10 in Invocations
 19711 | Lair:2   | Identified the Incunabulum of the Volcanoes
 21073 | Lair:3   | Noticed a death yak
 21093 | Lair:2   | Killed a death yak
 21093 | Lair:2   | Reached skill level 10 in Fighting
 21093 | Lair:2   | Reached skill level 10 in Short Blades
 21282 | Lair:3   | Noticed a four-headed hydra
 21462 | Lair:3   | Noticed a death yak
 21463 | Lair:3   | Noticed a death yak
 21481 | Lair:3   | Noticed a death yak
 21483 | Lair:3   | Noticed a death yak
 21610 | Lair:2   | Killed a death yak
 21610 | Lair:2   | Reached skill level 1 in Evocations
 21905 | Lair:2   | Killed a death yak
 21915 | Lair:3   | Noticed a death yak
 21966 | Lair:2   | Killed a death yak
 21974 | Lair:2   | Reached XP level 13. HP: 62/92 MP: 21/21
 24901 | Lair:1   | Reached skill level 5 in Evocations
 25442 | Lair:3   | Found a staircase to the Shoals.
 25442 | Lair:3   | HP: 3/92 [four-headed hydra (2)]
 25445 | Lair:3   | Killed from afar by a rime drake

Levels and vault maps discovered:
D:1:      lemuel_arrival_lava_pool, layout_basic, minmay_pentomino_u4
D:2:      minmay_chambers_of_ones, layout_loops_ring, st_stairs_4,
          kennysheep_generic_room_6, uniq_terence
D:3:      minmay_evil_eye, layout_basic, gammafunk_ghost_split,
          nicolae_gozag_cash_rules_everything_around_me, uniq_crazy_yiuf_cottage
D:4:      layout_rooms, minmay_temple_entry_large_hall,
          cheibrodos_sewer_entry_drain, uniq_eustachio
D:5:      minmay_octagon_keep, layout_loops_cross, first_ration,
          kennysheep_potato
D:6:      layout_basic, chequers_temple_overflow_statue_of_worship
D:7:      layout_basic, old_standard_altar, uniq_harold
D:8:      layout_rooms, serial_ice, serial_ice_e, serial_ice_m, serial_ice_b,
          serial_ice_h
D:9:      layout_irregular_city, enter_bailey_6, hangedman_fish_farm
D:10:     dragon1_lemuel, layout_cave_pools, grunt_lair_entry_orc_guard_hut
Temple:   hc_temple_tempest_star
Lair:1:   beast_lair_carwin_large_2, layout_small_grid, special_room
          [special_room_bee], gammafunk_ghost_icy, minmay_lair_oklob_chamber
Lair:2:   layout_concentric_octagons, worms_lemuel
Lair:3:   layout_regular_city, shoals_dummy_entry, dummy_snake_entry,
          nzn_random_ring, serial_bayou_shore_a, infiniplex_staircase_pool

Skill      XL: |  1  2  3  4  5  6  7  8  9 10 11 12 13 |
---------------+----------------------------------------+-----
Stealth        | 2 4 |  4.0
Short Blades   | 1 2 3 4 5 6 7 8 9 10 | 10.2
Fighting       | 3 4 5 6 7 8 9 10 | 10.2
Dodging        | 1 2 4 6 8 9 11 | 11.2
Invocations    | 1 2 5 6 8 9 10 11 | 11.3
Shields        | 4 |  4.0
Hexes          | 2 |  2.0
Evocations     | 3 5 |  5.0
Crossbows      | |  1.0
Throwing       | |  1.0
Spellcasting   | |  2.0
Fire Magic     | |  3.0

Action                   |  1- 3 |  4- 6 |  7- 9 | 10-12 | 13-15 || total
-------------------------+-------+-------+-------+-------+-------++-------
Melee: Dagger            |    78 |   148 |   242 |       |       ||   468
       Constrict         |    11 |    35 |    65 |    90 |     4 ||   205
       Tentacles         |     5 |    25 |    64 |   151 |    19 ||   264
       Short sword       |       |       |    92 |   760 |    91 ||   943
Throw: Dart              |     1 |     9 |     5 |   111 |       ||   126
 Cast: Flame Tongue      |       |     2 |       |       |       ||     2
       Apportation       |       |       |       |     9 |       ||     9
       Confusing Touch   |       |       |       |       |     1 ||     1
Invok: Stomp             |       |       |     3 |    15 |     2 ||    20
       Line Pass         |       |       |     3 |     1 |     1 ||     5
       Grand Finale      |       |       |       |     2 |       ||     2
Evoke: Wand              |       |       |     4 |    17 |     1 ||    22
  Use: Scroll            |     1 |     4 |     7 |    11 |     1 ||    24
       Potion            |       |     2 |     3 |     3 |     2 ||    10
 Stab: Sleeping          |     8 |    14 |     9 |    17 |       ||    48
       Paralysed         |       |       |     8 |    21 |     4 ||    33
       Distracted        |       |       |     1 |     3 |       ||     4
       Confused          |       |       |     1 |       |     2 ||     3
  Eat: Chunk             |     2 |     8 |    16 |    31 |     5 ||    62
       Ration            |       |       |       |     4 |     2 ||     6
Armor: Skin              |    12 |     6 |    13 |     6 |     1 ||    38
Dodge: Dodged            |    52 |    83 |   185 |   432 |    51 ||   803
Block: Buckler           |       |       |       |   123 |    24 ||   147

Table legend:
 A = Non-vault XP
 B = Vault XP
 C = Vault XP percentage of total XP
 D = Non-vault monster count
 E = Vault monster count
 F = Vault count percentage of total count
                 A         B        C        D         E       F
            +---------+---------+-------+---------+---------+-------
      Total |   25054 |   13376 |  34.8 |     270 |     145 |  34.9
            +---------+---------+-------+---------+---------+-------
        D:1 |      49 |       5 |   9.3 |      24 |       3 |  11.1
        D:2 |      40 |      19 |  32.2 |      14 |       5 |  26.3
        D:3 |      53 |       6 |  10.2 |      21 |       3 |  12.5
        D:4 |     310 |     196 |  38.7 |      12 |       4 |  25.0
        D:5 |     288 |     251 |  46.6 |      28 |      15 |  34.9
        D:6 |     809 |       0 |   0.0 |      29 |       0 |   0.0
        D:7 |    1209 |     939 |  43.7 |      16 |       1 |   5.9
        D:8 |    1650 |     217 |  11.6 |      17 |       3 |  15.0
        D:9 |    1503 |     305 |  16.9 |      27 |       1 |   3.6
       D:10 |    1244 |     642 |  34.0 |      22 |       5 |  18.5
     Lair:1 |    3685 |    3708 |  50.2 |      12 |      37 |  75.5
     Lair:2 |   10262 |    2611 |  20.3 |      33 |      11 |  25.0
     Lair:3 |    3952 |    1126 |  22.2 |      15 |       5 |  25.0
      Sewer |       0 |     117 | 100.0 |       0 |       8 | 100.0
     Bailey |       0 |    3234 | 100.0 |       0 |      44 | 100.0
            +---------+---------+-------+---------+---------+-------
